AoeStats
← BenJames

Arabia

504570403Analyzed
2v2 RM · 26d ago on Sep 5, 2026· 49m 26s· 4 players
Game mode
Random Map
Map size
Medium (4 player)
Population
200
Speed
Normal
Resources
Standard
Victory
Conquest
Starting age
Dark Age
Ending age
Imperial Age
RankedLock teamsTeams togetherTeam positionsShared explorationLock speedFull tech treeHidden civsTurbo modeCheats
Victory
Defeat
🇵🇾 Bulgarians · Paraguay
1136
+15
🇵🇾 Poles · Paraguay
1135
+15
🇦🇷 Gurjaras · Argentina
1147
-16
🇨🇴 Magyars · Colombia
1092
-14
MOONDERNAR
6:48 Loom
9:43 Feudal Age
20:41 Castle Age
18:40 Horse Collar
19:08 Double-Bit Axe
19:49 Gold Mining
22:21 Pikeman
24:17 Forging
23:39 Elite Skirmisher
24:53 Arson
25:53 Scale Mail Armor
26:29 Iron Casting
26:06 Fletching
35:28 Scale Barding Armor
37:38 Chain Barding Armor
42:04 Heavy Plow
45:49 Imperial Age
43:55 Wheelbarrow
46:56 Chain Mail Armor
47:41 Blast Furnace
46:06 Halberdier
46:39 Gambesons
46:33 Capped Ram
49:13 Hand Cart
jaypi
6:31 Loom
9:30 Feudal Age
10:27 Double-Bit Axe
10:53 Horse Collar
22:29 Castle Age
21:45 Padded Archer Armor
22:16 Fletching
22:29 Gold Mining
22:44 Crossbowman
23:58 Bow Saw
25:16 Scale Mail Armor
25:23 Pikeman
26:54 Forging
30:54 Squires
30:40 Arson
33:54 Chain Mail Armor
34:13 Heavy Plow
34:53 Town Watch
39:09 Wheelbarrow
39:58 Bodkin Arrow
44:40 Imperial Age
44:31 Iron Casting
45:44 Conscription
46:10 Plate Mail Armor
47:50 Blast Furnace
46:12 Elite Obuch
49:24 Crop Rotation
49:09 Masonry
Dary-o!
5:07 Loom
10:00 Feudal Age
10:37 Double-Bit Axe
10:33 Horse Collar
15:34 Scale Barding Armor
16:02 Forging
19:16 Bloodlines
19:15 Gold Mining
22:59 Castle Age
24:15 Chain Barding Armor
24:31 Iron Casting
23:59 Husbandry
23:23 Light Cavalry
33:16 Wheelbarrow
32:27 Town Watch
32:42 Stone Mining
34:46 Hand Cart
39:56 Imperial Age
38:56 Fletching
42:01 Plate Barding Armor
41:30 Heavy Camel Rider
43:15 Bodkin Arrow
45:27 Frontier Guards
45:28 Conscription
47:01 Chemistry
47:48 Elite Elephant Archer
48:55 Elite Elephant Archer
BenJames
7:14 Loom
9:28 Feudal Age
10:04 Double-Bit Axe
14:13 Horse Collar
20:17 Bloodlines
21:44 Wheelbarrow
22:30 Fletching
25:15 Castle Age
24:28 Gold Mining
26:02 Bodkin Arrow
25:32 Crossbowman
35:31 Murder Holes
42:33 Padded Archer Armor
49:23 Scale Barding Armor
Connection lost

Rejoining the realm…

Still unreachable

The connection could not be restored.

Session expired

The server has moved on; the page needs a fresh start.